 Dungeon Crawl Stone Soup version 0.17-a0-1562-g9b2c768 (webtiles) character file.

9271 panicbit the Protected (level 11, -1/97 HPs)
             Began as a Minotaur Fighter on July 20, 2015.
             Was a High Priest of Okawaru.
             Succumbed to Sonja's poison
             ... on level 10 of the Dungeon.
             The game lasted 00:34:20 (10150 turns).

panicbit the Protected (Minotaur Fighter)          Turns: 10150, Time: 00:34:20

Health: -1/97      AC: 19    Str: 26    XL:     11   Next: 20%
Magic:  10/11      EV: 12    Int:  5    God:    Okawaru [*****.]
Gold:   757        SH: 21    Dex: 13    Spells: 0 memorised, 10 levels left

rFire  . . .     SeeInvis .     a - +0 war axe
rCold  . . .     Clarity  .     w - +0 chain mail
rNeg   . . .     SustAt   .     J - +0 large shield
rPois  .         Gourm    .     (helmet restricted)
rElec  .         Spirit   .     (no cloak)
rCorr  .         Warding  .     (no gloves)
rMut   .         Stasis   .     c - +1 pair of boots {Fly}
MR     +....                    (no amulet)
Stlth  ..........               A - +3 ring of protection
                                t - ring of protection from magic

@: mighty, lethally poisoned (-1 -> -112), heroism, flying, slowed, drained,
very slow, somewhat resistant to hostile enchantments, extremely unstealthy
A: retaliatory headbutt, horns 2
a: Heroism, Finesse, Renounce Religion, Stop Flying


You were on level 10 of the Dungeon.
You worshipped Okawaru.
Okawaru was extremely pleased with you.
You were not hungry.

You visited 2 branches of the dungeon, and saw 11 of its levels.

You collected 757 gold pieces.

Inventory:

Hand weapons
 a - a +0 war axe (weapon)
 F - a +0 morningstar
Armour
 c - a +1 pair of boots of flying (worn)
 r - a +0 pair of boots
 w - a +0 chain mail (worn)
 y - a +0 shield
 J - a +0 large shield (worn)
Rods
 L - a +0 rod of ignition (14/14)
   (You found it on level 8 of the Dungeon)
Jewellery
 t - a ring of protection from magic (left hand)
 A - a +3 ring of protection (right hand)
 N - an uncursed ring of magical power
Magical devices
 b - a wand of fire (3)
 q - a wand of paralysis (8)
 K - a wand of disintegration (5)
 R - a wand of polymorph (8)
Scrolls
 f - 2 scrolls of teleportation {unknown}
 g - 12 scrolls of identify {unknown}
 i - 2 scrolls of enchant weapon {unknown}
 k - 6 scrolls of remove curse {unknown}
 l - a scroll of random uselessness {unknown}
 p - 2 scrolls of fog {unknown}
 u - 2 scrolls of recharging {unknown}
 v - 4 scrolls of enchant armour {unknown}
 D - a scroll of vulnerability {unknown}
 E - 2 scrolls of fear {unknown}
 G - a scroll of immolation {unknown}
 P - a scroll of amnesia {unknown}
 S - a scroll of blinking {unknown}
Potions
 j - 8 potions of curing {unknown}
 m - 2 potions of invisibility {unknown}
 n - a potion of haste {unknown}
 o - 4 potions of heal wounds {unknown}
 s - 2 potions of lignification {unknown}
 x - a potion of berserk rage {unknown}
 z - a potion of resistance {unknown}
 B - a potion of ambrosia {unknown}
 C - a potion of mutation {unknown}
 H - 2 potions of degeneration {unknown}
 I - a potion of flight {unknown}
 O - a potion of magic {unknown}
Comestibles
 e - 12 bread rations
 h - 4 beef jerkies
 M - 6 fruits
 Q - 4 royal jellies


   Skills:
 + Level 9.4(13.9) Fighting
 + Level 10.0(14.5) Axes
 + Level 10.8(15.3) Armour
 + Level 6.6(11.1) Dodging
 + Level 0.8(5.4) Stealth
 + Level 10.7(15.2) Shields
 + Level 2.2(1.8) Invocations


You had 10 spell levels left.
You didn't know any spells.

Dungeon Overview and Level Annotations

Branches:
Dungeon (10/15)            Temple (1/1) D:5            Lair (0/8) D:9
    Orc (0/4) D:9

Altars:
Ashenzari
Cheibriados
Dithmenos
Elyvilon
Fedhas
Gozag
Kikubaaqudgha
Makhleb
Nemelex Xobeh
Okawaru
Qazlal
Ru
Sif Muna
Trog
Vehumet
Xom
Yredelemnul
Zin
The Shining One

Shops:
D:5 [   D:9 [

Annotations:
D:10 exclusion: oklob plant, Sonja


Innate Abilities, Weirdness & Mutations

You reflexively headbutt those who attack you in melee.
You have a pair of horns on your head.


Message History

You are more poisoned.
You block Sonja's attack. Sonja hits you but does no damage.
You are more poisoned.
Sonja gestures wildly while chanting.
Sonja looks slightly unstable.
You completely miss Sonja.
Sonja is severely wounded.
* * * LOW HITPOINT WARNING * * *
You feel extremely sick. You block Sonja's attack. x2
Sonja hits you but does no damage.
You are more poisoned.
Sonja hits you but does no damage.
You are more poisoned.
Sonja hits you but does no damage.
You are more poisoned.
You block Sonja's attack.
Drink which item? (? for menu, Esc to quit)
You feel very mighty all of a sudden.
You die...

##############
#............. #######
#.######.##### #.....#
#.# ###..####
#.....###'## #........
#..........# #.#(.....
#.....K....# #........
#...(@(.(..# #..#....#
#.....###'## #........
#.....# #.# #...#..#.
#########.#####.....[.
#.................##..
#.#######'####........
#.#####..........#..#.
##>....'...............
#....###.........#....#


You could see Sonja.

Vanquished Creatures
  Erolcha (D:10)
  2 unseen horrors (D:9)
  2 hill giants (D:10)
  An elephant (D:9)
  A two-headed ogre (D:9)
  A troll (D:10)
  Prince Ribbit (D:8)
  The ghost of panicbit the Shield-Bearer, an average MiFi (D:4)
  A hungry ghost (D:7)
  9 yaks
  2 water moccasins (D:6)
  An eye of draining (D:10)
  2 orc warriors
  A centaur (D:5)
  A wasp (D:9)
  2 sky beasts
  6 ogres
  11 giant frogs
  2 scorpions
  A wyvern skeleton (D:10)
  3 killer bees (D:10)
  A troll skeleton (D:9)
  7 wights
  3 crimson imps
  3 jellies
  2 centaur zombies
  A quasit (D:10)
  2 orc priests
  A giant frog skeleton (D:4)
  4 hounds
  3 centaur skeletons
  2 iguanas
  7 orc wizards
  3 worker ants
  2 sheep (D:9)
  A hound zombie (D:7)
  7 gnolls
  3 shadow imps
  14 adders
  An ooze (D:1)
  An adder zombie (D:8)
  An adder skeleton (D:4)
  2 worms
  3 giant geckos
  24 orcs
  19 bats
  2 bat skeletons
  6 giant cockroaches
  12 goblins
  8 hobgoblins
  15 kobolds
  2 quokkas
  A ball python (D:6)
  A giant gecko skeleton (D:4)
  5 giant newts
  3 jackals (D:1)
  A quokka skeleton (D:6)
  9 rats
234 creatures vanquished.

Notes
Turn   | Place    | Note
--------------------------------------------------------------
     0 | D:1      | panicbit the Minotaur Fighter began the quest for the Orb.
     0 | D:1      | Reached XP level 1. HP: 19/19 MP: 0/0
    22 | D:1      | Reached XP level 2. HP: 25/27 MP: 1/1
   102 | D:1      | Reached skill level 4 in Shields
   405 | D:1      | Found an iron altar of Okawaru.
   410 | D:1      | Reached XP level 3. HP: 33/33 MP: 2/2
   434 | D:1      | Became a worshipper of Warmaster Okawaru
   759 | D:2      | Found a white marble altar of Elyvilon.
  1364 | D:3      | Reached XP level 4. HP: 30/40 MP: 3/3
  1413 | D:3      | Found a shattered altar of Ashenzari.
  1465 | D:3      | Reached skill level 1 in Dodging
  1472 | D:3      | Reached XP level 5. HP: 34/47 MP: 4/4
  1932 | D:4      | Noticed an orc warrior
  1934 | D:4      | Reached skill level 5 in Armour
  1934 | D:4      | Reached skill level 5 in Shields
  1987 | D:3      | Acquired Okawaru's first power
  1987 | D:3      | Reached XP level 6. HP: 13/53 MP: 5/5
  2247 | D:4      | Killed an orc warrior
  2394 | D:4      | Noticed panicbit's ghost (average MiFi)
  2429 | D:4      | Killed panicbit's ghost
  2429 | D:4      | Reached XP level 7. HP: 50/60 MP: 4/6
  2804 | D:5      | Entered Level 5 of the Dungeon
  2804 | D:5      | Found a staircase to the Ecumenical Temple.
  2811 | D:5      | Reached skill level 5 in Axes
  2848 | Temple   | Entered the Ecumenical Temple
  3058 | D:5      | Reached skill level 5 in Fighting
  3112 | D:5      | Reached skill level 6 in Shields
  3180 | D:5      | Reached skill level 1 in Invocations
  3566 | D:5      | Reached XP level 8. HP: 50/68 MP: 7/7
  3597 | D:5      | Found Zecoadat's Armour Boutique.
  4214 | D:6      | Reached skill level 7 in Armour
  4280 | D:6      | Found a burning altar of Makhleb.
  4433 | D:6      | Found a shadowy altar of Dithmenos.
  4473 | D:6      | Reached skill level 5 in Dodging
  4473 | D:6      | Reached XP level 9. HP: 39/78 MP: 5/8
  4497 | D:6      | HP: 3/78 [yak (10)]
  5097 | D:6      | Reached skill level 8 in Armour
  5952 | D:7      | Found a glowing silver altar of Zin.
  5953 | D:7      | Found an opulent altar of Gozag.
  6026 | D:8      | Noticed Prince Ribbit
  6043 | D:8      | Killed Prince Ribbit
  6043 | D:8      | Reached skill level 9 in Shields
  6106 | D:8      | Found a snail-covered altar of Cheibriados.
  6171 | D:8      | Found an ancient bone altar of Kikubaaqudgha.
  6696 | D:9      | Found a staircase to the Lair.
  6696 | D:9      | Noticed an elephant
  6712 | D:9      | Killed an elephant
  6712 | D:9      | Reached XP level 10. HP: 68/88 MP: 8/10
  7552 | D:9      | Killed an unseen horror
  7681 | D:9      | Found a staircase to the Orcish Mines.
  7802 | D:9      | Found a sacrificial altar of Ru.
  8023 | D:9      | Acquired Okawaru's second power
  8384 | D:9      | Found Muwuonis's Antique Armour Boutique.
  8480 | D:9      | Found a runed door.
  8486 | D:9      | Reached skill level 10 in Shields
  8851 | D:9      | Killed an unseen horror
  8851 | D:9      | Received a gift from Okawaru
  8851 | D:9      | Reached skill level 10 in Armour
  9149 | D:10     | Entered Level 10 of the Dungeon
  9347 | D:10     | Noticed a hill giant
  9358 | D:10     | Killed a hill giant
  9372 | D:10     | Noticed a hill giant
  9382 | D:10     | Killed a hill giant
  9382 | D:10     | Reached XP level 11. HP: 76/97 MP: 11/11
  9439 | D:10     | Noticed Erolcha
  9458 | D:10     | Killed Erolcha
  9706 | D:10     | Reached skill level 10 in Axes
  9979 | D:10     | Found a deep blue altar of Sif Muna.
  9982 | D:10     | Noticed an oklob plant
 10139 | D:10     | Noticed Sonja
 10150 | D:10     | Succumbed to Sonja's poison

Vault maps used:
D:1:      dpeg_arrival_arbitrary_a, okawaru_ov_weapons_minmay
D:2:      lemuel_doored_altar, first_bread
D:3:      evilmike_ruin_ashenzari
D:4:      minmay_distorted
D:5:      minmay_temple_entry_crystal_x, serial_shops, shop
D:6:      lemuel_crystal_altar, nicolae_dithmenos_through_a_glass_darkly
D:7:      grunt_temple_overflow_gold_and_silver
D:8:      lemuel_crystal_altar, overflow_temple_1_default, uniq_prince_ribbit1
D:9:      kennysheep_little_box, david_lair_generic, orc_0_dummy, serial_shops,
          kennysheep_mini, hangedman_tell_no_tales
D:10:     minmay_misc_feat_more_columns, minivault_25, lemuel_oklob_altar,
          uniq_sonja, uniq_erolcha
Temple:   triangle_lava_temple_12

Action                   |  1- 3 |  4- 6 |  7- 9 | 10-12 || total
-------------------------+-------+-------+-------+-------++-------
Melee: War axe           |    88 |   121 |   365 |   244 ||   818
Invok: Heroism           |       |     1 |     6 |     8 ||    15
  Use: Potion            |       |       |     1 |     2 ||     3
  Eat: Chunk             |     2 |     3 |    16 |    10 ||    31
       Fruit             |       |       |       |     2 ||     2
